 Dungeon Crawl Stone Soup version 0.29.1-12-g30fa7ad0bf (webtiles) character file.

Game seed: 967835931569062973

132 112233 the Sneak (level 5, -2/33 HPs)
             Began as a Kobold Delver on Dec 25, 2022.
             Was an Initiate of Vehumet.
             Killed from afar by Maggie (19 damage)
             ... with a bolt of fire
             ... on level 6 of the Dungeon.
             The game lasted 00:03:32 (949 turns).

112233 the Sneak (Kobold Delver)                     Turns: 949, Time: 00:03:33

Health: -2/33      AC:  3    Str:  9    XL:     5   Next: 38%
Magic:  6/7        EV: 15    Int: 11    God:    Vehumet [......]
Gold:   54         SH:  0    Dex: 19    Spells: 6/6 levels left

rFire   . . .      SeeInvis .   a - +0 short sword
rCold   . . .      Faith    .   (no shield)
rNeg    . . .      Spirit   .   b - +0 leather armour
rPois   .          Reflect  .   (no helmet)
rElec   .          Harm     .   (no cloak)
rCorr   .          Rampage  .   (no gloves)
Will    .....                   (no boots)
Stlth   +++++.....              (no amulet)
HPRegen 0.11/turn               (no ring)
MPRegen 0.10/turn               (no ring)

@: mesmerised
A: small, no large weapons, nightstalker 3
a: Renounce Religion


You were on level 6 of the Dungeon.
You worshipped Vehumet.
Vehumet was noncommittal.
You visited 2 branches of the dungeon, and saw 4 of its levels.

You collected 54 gold pieces.

Inventory:

Hand Weapons
 a - a +0 short sword (weapon)
 n - a +0 arbalest
Armour
 b - a +0 leather armour (worn)
Wands
 g - a wand of digging (1)
 l - a wand of flame (4)
 m - a wand of roots (2)
Scrolls
 c - a scroll of fog
 d - a scroll of magic mapping
 e - a scroll of fear
 i - 2 scrolls of identify
 k - a scroll of immolation
Potions
 f - a potion of haste
 j - a potion of heal wounds


   Skills:
 + Level 4.1 Fighting
 + Level 4.0 Short Blades
 + Level 3.6 Dodging
 - Level 7.2 Stealth
 * Level 1.4 Spellcasting


You had 6 spell levels left.
You didn't know any spells.
Your spell library contained the following spells:

 Spells                   Type           Power      Damage    Failure   Level
 Static Discharge         Conj/Air       0%         3-3/arc   54%         2
 Dispel Undead            Necr           0%         3d6       99%         4
 Sticky Flame             Conj/Fire      0%         2d3       99%         4


Dungeon Overview and Level Annotations

Branches:
Dungeon (6/15)             Temple (1/1) D:5

Altars:
Cheibriados
Hepliaklqana
Okawaru
Qazlal
Vehumet
Wu Jian
Xom
Zin

Annotations:
D:4 exclusion: 2 downstairs
D:6 Maggie


Innate Abilities, Weirdness & Mutations

You are small and have problems with some larger weapons.
You are completely attuned to the shadows.


Message History

Unknown command.
You hit Maggie but do no damage.
Maggie is moderately wounded.
The grasping roots constrict Maggie.
The grasping roots constrict the orc wizard.
You kill the orc wizard!
Vehumet accepts your kill.
The roots release their grip on Maggie.
Maggie gives herself a magical halo, but it quickly sputters out.
Maggie closely misses you. The phantom hits you.
The phantom blinks!
You blink.
Your Short Blades skill increases to level 4!
Aiming: Fastroot
Press: ? - help, Shift-Dir - straight line, f/p - Maggie
Aim: Maggie, wielding a +2 broad axe of flaming and wearing +0 acid dragon scales (heavily wounded, mesmerising, ally target)
The roots erupt in riotous growth!
Roots grab Maggie.
Your orc is unaffected.
The grasping roots constrict Maggie.
You hear a shout!
Maggie mumbles some strange words.
Maggie draws you further into her thrall.
The phantom hits you.
The phantom blinks!
You blink.
Your orc looks at you.
Your orc hits Maggie with a +0 mace.
Unknown command.
Unknown command.
You are too injured to fight recklessly!
You hit Maggie but do no damage.
Maggie is heavily wounded.
The grasping roots constrict Maggie.
The roots release their grip on Maggie.
Maggie closely misses you. Maggie barely misses your orc.
An orc priest comes into view. It is wielding a +0 short sword.
The phantom completely misses you.
Your orc hits Maggie with a +0 mace!
Unknown command.
You hit Maggie.
Maggie is almost dead.
Maggie points at you and mumbles some strange words.
The bolt of fire hits you!!
Ouch! That really hurt!
You die...

...
......##+
.......
..........
.......
..........
.......
..........
.......
..........
.......
..........
.......
......#####
.......
......#.§.#
.......
......#§@.#
.......
.....#@oW#
.......
#####o)..#
.......
#....# ##
.......
###### ..
.. .. .. ..


You could see Maggie (mesmerising, ally target), a phantom, an orc priest and a
friendly orc (summoned).

Vanquished Creatures
  A bullfrog (D:6)
  An orc wizard (D:6)
  An adder (D:4)
  2 gnolls (D:5)
  A shadow imp (D:6)
  A worm (D:4)
  2 orcs
  An endoplasm (D:4)
  A goblin (D:4)
  A ball python (D:4)
12 creatures vanquished.

Notes
Turn   | Place    | Note
-------+----------+-------------------------------------------
     0 | D:5      | 112233 the Kobold Delver began the quest for the Orb.
     0 | D:5      | Reached XP level 1. HP: 14/14 MP: 1/1
     7 | D:5      | Noticed a howler monkey
    52 | D:6      | Reached XP level 2. HP: 19/19 MP: 2/2
    52 | D:6      | Noticed a bullfrog
    56 | D:6      | Killed a bullfrog
    57 | D:6      | Reached skill level 7 in Stealth
    57 | D:6      | Reached XP level 3. HP: 24/24 MP: 3/3
    57 | D:6      | Reached XP level 4. HP: 29/29 MP: 4/4
    86 | D:5      | Found a staircase to the Ecumenical Temple.
    97 | Temple   | Entered the Ecumenical Temple
   132 | Temple   | Became a worshipper of Vehumet
   175 | D:5      | Noticed an ice beast
   359 | D:5      | Noticed an ogre
   703 | D:4      | Reached skill level 1 in Spellcasting
   703 | D:4      | Reached XP level 5. HP: 33/33 MP: 6/6
   933 | D:6      | Noticed Maggie
   935 | D:6      | Noticed a phantom
   949 | D:6      | Killed from afar by Maggie

Illustrated notes

Levels and vault maps discovered:
D:4:      layout_rooms, nicolae_overflows_in_rows, jmf_multi_god_temple,
          gammafunk_ghost_smash, serial_shops, shop_statue
D:5:      layout_loops_cross, minmay_temple_entry_glassed_door
D:6:      layout_gridville, uniq_maggie
Temple:   hellmonk_temple_two_chambers

Skill      XL: |  1  2  3  4  5 |
---------------+----------------+-----
Short Blades   | 3 4 |  4.0
Dodging        | 3 |  3.6
Stealth        | 7 |  7.2
Fighting       | 4 |  4.1
Spellcasting   | 1 |  1.4

Action                   |  1- 3 |  4- 6 || total
-------------------------+-------+-------++-------
Melee: Short sword       |     2 |    33 ||    35
Evoke: Wand              |       |     4 ||     4
  Use: Potion            |       |     2 ||     2
       Scroll            |       |     2 ||     2
 Stab: Sleeping          |     2 |     6 ||     8
Armor: Leather armour    |       |     4 ||     4
Dodge: Dodged            |       |    29 ||    29
